 Dungeon Crawl Stone Soup version 0.16.2-12-gd0ad4c3 (webtiles) character file.

30576 dvd the Unseen (level 13, -11/59 HPs)
             Began as a Spriggan Enchanter on Nov 1, 2015.
             Was the Champion of Nemelex Xobeh.
             Hit by a large rock thrown by a stone giant (31 damage)
             ... created by the fury of Okawaru
             ... on level 5 of the Lair of Beasts.
             The game lasted 02:16:59 (19372 turns).

dvd the Unseen (Spriggan Enchanter)                Turns: 19372, Time: 02:16:59

Health: -11/59     AC: 19    Str:  6    XL:     13   Next: 21%
Magic:  36/36      EV: 26    Int: 21    God:    Nemelex Xobeh [******]
Gold:   769        SH:  0    Dex: 17    Spells: 7 memorised, 13 levels left

rFire  . . .     SeeInvis +     j - +0 rapier (flame)
rCold  + . .     Clarity  .     L - +2 robe {rC+}
rNeg   . . .     SustAb   .     (shield restricted)
rPois  .         Gourm    .     (helmet restricted)
rElec  .         Spirit   .     B - +2 cloak {MR+}
rCorr  .         Warding  .     (gloves unavailable)
rMut   .         Stasis   .     (boots unavailable)
MR     +++..                    r - amulet of faith
Stlth  ++++++++..               p - +6 ring of protection
                                I - +6 ring of protection

@: about to teleport, constricted, very quick, extremely resistant to hostile
enchantments, extraordinarily stealthy
A: unfitting armour, see invisible, breathe flames 1, herbivore 3, speed 3, slow
metabolism 2, strong 1
a: Triple Draw, Deal Four, Stack Five, Renounce Religion, Breathe Fire


You were on level 5 of the Lair of Beasts.
You worshipped Nemelex Xobeh.
Nemelex Xobeh was exalted by your worship.
You were not hungry.

You visited 3 branches of the dungeon, and saw 18 of its levels.
You also visited: Labyrinth.

You collected 884 gold pieces.
You spent 115 gold pieces at shops.

Inventory:

Hand weapons
 j - a +0 rapier of flaming (weapon)
 t - a +0 hunting sling
 C - a +2 dagger of protection
 J - a +3 rapier of freezing
Missiles
 k - 14 tomahawks (quivered)
 l - 65 sling bullets
 V - 16 silver sling bullets
 Y - 22 sling bullets of flame
Armour
 B - a +2 cloak of magic resistance (worn)
 L - a +2 robe of cold resistance (worn)
Jewellery
 m - an uncursed ring of protection from magic
 p - a +6 ring of protection (right hand)
 r - an amulet of faith (around neck)
 y - an uncursed ring of teleport control
 I - a +6 ring of protection (left hand)
Magical devices
 e - a wand of cold (8)
 x - a wand of paralysis (17)
 P - a wand of lightning (6)
 U - a wand of cold (7)
 X - a wand of disintegration (12)
Scrolls
 g - 19 scrolls of identify
 n - a scroll of fog
 o - a scroll of enchant armour
 q - 5 scrolls of teleportation
 u - 2 scrolls of blinking
 v - 7 scrolls of remove curse
 w - 2 scrolls of magic mapping
 K - 2 scrolls of amnesia
Potions
 f - 2 potions of brilliance
 h - a potion of heal wounds
 i - 10 potions of curing
 z - 2 potions of cancellation
 A - 2 potions of magic
 T - a potion of agility
 Z - 2 potions of might
Books
 c - a book of Maledictions

   Spells                             Type                      Level
   a - Corona                         Hexes                        1
   b - Sure Blade                     Hexes/Charms                 2
   c - Ensorcelled Hibernation        Hexes/Ice                    2
   d - Confuse                        Hexes                        3
   e - Dazzling Spray                 Conjuration/Hexes            3
   f - Enslavement                    Hexes                        4
 E - a book of Unlife

   Spells                             Type                      Level
   a - Recall                         Summoning/Translocation      3
   b - Animate Dead                   Necromancy                   4
   c - Control Undead                 Necromancy                   4
   d - Cigotuvi's Embrace             Necromancy                   5
   e - Death Channel                  Necromancy                   6
   f - Simulacrum                     Ice/Necromancy               6
 M - a book of the Dragon

   Spells                             Type                      Level
   a - Flight                         Charms/Air                   3
   b - Cause Fear                     Hexes                        4
   c - Bolt of Fire                   Conjuration/Fire             6
   d - Dragon Form                    Transmutation                7
   e - Dragon's Call                  Summoning                    9
 R - a book of Control

   Spells                             Type                      Level
   a - Control Teleport               Charms/Translocation         4
   b - Control Undead                 Necromancy                   4
   c - Enslavement                    Hexes                        4
   d - Metabolic Englaciation         Hexes/Ice                    5
   e - Mass Confusion                 Hexes                        6
Miscellaneous
 a - an ornate deck of war {drawn: 3}
 b - a legendary deck of war
 s - a disc of storms
 F - a fan of gales (inert)
 G - a lantern of shadows
 H - an ornate deck of destruction
 N - a legendary deck of war
 O - a legendary deck of escape
 Q - a legendary deck of war
 S - an ornate deck of destruction {drawn: 1}
 W - an ornate deck of destruction
Comestibles
 d - 6 bread rations
 D - 11 royal jellies


   Skills:
 + Level 2.8 Fighting
 + Level 5.2 Short Blades
 + Level 2.8(3.0) Slings
 + Level 1.0(2.0) Throwing
 + Level 10.0 Dodging
 + Level 17.4 Stealth
 + Level 13.2 Spellcasting
 + Level 12.5 Hexes
 + Level 3.7 Charms
 + Level 5.0 Ice Magic
 + Level 5.5 Evocations


You had 13 spell levels left.
You knew the following spells:

 Your Spells              Type           Power        Failure   Level  Hunger
a - Metabolic Englaciati  Hex/Ice        ######....   3%          5    ####...
b - Ensorcelled Hibernat  Hex/Ice        ######       1%          2    None
c - Sure Blade            Hex/Chrm       #####.....   1%          2    None
d - Confuse               Hex            ######..     1%          3    None
e - Enslavement           Hex            ######..     1%          4    None
f - Flight                Chrm/Air       ###.......   10%         3    None
g - Mass Confusion        Hex            ######....   6%          6    #####..


Dungeon Overview and Level Annotations

Branches:
Dungeon (12/15)            Temple (1/1) D:5            Lair (5/8) D:11
  Swamp (0/5) Lair:3       Spider (0/5) Lair:3          Orc (0/4) D:9

Altars:
Ashenzari
Cheibriados
Dithmenos
Elyvilon
Fedhas
Gozag
Kikubaaqudgha
Makhleb
Nemelex Xobeh
Okawaru
Qazlal
Ru
Sif Muna
Trog
Vehumet
Xom
Yredelemnul
Zin
The Shining One

Shops:
D:8 [

Annotations:
Lair:3 schauveau's ghost, powerful GrEE


Innate Abilities, Weirdness & Mutations

You are tiny and cannot use many weapons and most armour.
You have supernaturally acute eyesight.
You are a herbivore.
You cover ground extremely quickly.
You need consume almost no food.
You can breathe flames.
Your muscles are strong. (Str +2)


Message History

The naga warrior hits you with a spear! The naga warrior grabs you.
The naga warrior constricts you. The naga hits you with a glaive!
The stone giant throws a large rock.
The large rock hits you!!
* * * LOW HITPOINT WARNING * * *
The large rock disappears in a puff of smoke!
The orc closely misses you. The orc warrior misses you.
The naga ritualist casts a spell at you.
You resist with almost no effort.
Your air elemental forms itself from the air!
Drink which item? (? for menu, Esc to quit)
You feel much better.
Your air elemental hits the bush!
Your air elemental hits the bush.
The yak gores your air elemental! The naga ritualist spits poison at you.
The splash of poison misses you.
The splash of poison hits the orc.
The orc is poisoned.
The orc dies!
The stone giant throws a large rock.
The large rock hits you!!
Ouch! That really hurt!
You die...
Your body glows with a rainbow of weird colours and disappears.

***#.#P.P.P.#.#.# ######
***,...P..........###..#..
*****,,.........♣..........#..
***,,,,,,.....P........♣♣..P....
*,*,,,,,,,,#..........P......P..
**,,,,,,,,,*#♣♣...............#..
,,,,,**,**##♣...NN.N........♣.#.#
,,,,****###..♣C...P..........♣..#
*,*** *#.......@N.P....P....♣..#
*** *.#....PN.Y.#####......♣.#
,*****####.....oo.E#..?#.........
,**,P##........oY.PY.%)#.....P...
,,,,..........!.Y..#..[#........#
,,,,...........Y...#####.......##
,,,,,...........P.P.........P.♣♣
,,,,,..P###P......P..P........#
***,*##***##.......P.......P..#


You could see a naga warrior, a stone giant, a salamander, a naga ritualist, 5
yaks, an orc warrior, 2 nagas, 2 orcs and a friendly air elemental.

Vanquished Creatures
  Snorg (Lair:4)
  A minotaur (Lab)
  5 hydras
  A hill giant (D:11)
  18 elephants
  6 spiny frogs
  3 centaur zombies
  3 black mambas
  A gargoyle (D:10)
  5 komodo dragons
  A two-headed ogre (D:10)
  A troll (D:10)
  A slime creature (D:11)
  A snapping turtle (Lair:2)
  A raven (D:8)
  3 blink frogs (Lair:1)
  3 trapdoor spiders (Lair:3)
  2 yaks (D:11)
  Eustachio (D:8)
  A hog (Lair:1)
  6 hippogriffs
  A fire bat (Lair:5)
  A steam dragon (D:11)
  A vampire mosquito (Lair:4)
  4 water moccasins
  4 black bears
  4 porcupines
  4 orc warriors
  2 eyes of draining (D:8)
  3 phantoms
  3 sky beasts
  An ice beast (D:8)
  5 ogres
  A necrophage (D:6)
  A wasp (D:9)
  8 crocodiles
  3 big kobolds
  Duvessa (D:8)
  Blork the orc (D:7)
  The ghost of dvd the Sneak, an average SpEn (D:3)
  11 giant frogs
  5 scorpions
  2 wyvern skeletons
  A water moccasin skeleton (D:5)
  4 wights (D:10)
  3 killer bees (D:10)
  2 electric eels
  Dowan (D:8)
  3 goliath beetles
  6 crimson imps
  6 hounds
  3 orc priests
  8 jellies
  3 giant frog zombies
  A giant frog skeleton (D:10)
  A centaur skeleton (D:4)
  3 iguanas
  9 orc wizards
  A sheep (D:11)
  14 worker ants
  Ijyb (D:7)
  2 hound zombies
  2 hound skeletons
  3 worker ant zombies
  23 adders
  4 gnolls (D:10)
  20 river rats
  2 shadow imps
  2 giant mites
  2 worms
  4 adder skeletons
  7 giant geckos
  6 oozes
  29 orcs
  10 bats
  A bat skeleton (D:8)
  8 giant cockroaches
  10 goblins
  16 hobgoblins
  10 jackals
  21 kobolds
  9 quokkas
  A ball python (D:4)
  6 giant newts
  15 rats
  2 ballistomycetes (D:9)
  2 fungi (Lair:4)
  3 plants (Lair:5)
422 creatures vanquished.

Vanquished Creatures (collateral kills)
  Erica (Lair:1)
  Erolcha (D:8)
  7 elephants (Lair:4)
  A spiny frog (Lair:1)
  2 gargoyles (D:11)
  2 trolls (D:11)
  2 ravens (D:8)
  2 blink frogs
  2 yaks (D:11)
  A redback simulacrum (D:11)
  A steam dragon (D:8)
  A water moccasin (Lair:5)
  An orc warrior (D:8)
  3 ogres
  3 giant frogs
  4 big kobolds (D:8)
  3 killer bees
  4 wights (D:11)
  A goliath beetle (D:8)
  3 crimson imps
  An orc priest (D:8)
  3 hounds
  6 orc wizards
  3 worker ants
  3 gnolls (D:8)
  2 adders
  11 river rats
  2 shadow imps (D:8)
  A giant mite (D:4)
  6 orcs
  A bat (D:4)
  2 giant cockroaches
  2 hobgoblins
  7 kobolds
  A ball python (D:2)
  2 rats
  A plant (Lair:5)
99 creatures vanquished.

Vanquished Creatures (others)
  A very ugly thing (Lair:4)
  A centaur warrior (D:11)
  2 spiny frogs
  3 dancing weapons
  A raven (D:8)
  3 blink frogs (Lair:5)
  2 air elementals
  4 vampire mosquitoes (Lair:4)
  A black bear (D:10)
  8 killer bees
  An orc wizard (D:9)
  2 worker ants (D:4)
  2 orcs
  A quokka (D:9)
  2 giant spores (D:9)
  41 fungi
  20 plants
95 creatures vanquished.

Grand Total: 616 creatures vanquished

Notes
Turn   | Place    | Note
--------------------------------------------------------------
     0 | D:1      | dvd, the Spriggan Enchanter, began the quest for the Orb.
     0 | D:1      | Reached XP level 1. HP: 9/9 MP: 4/4
   363 | D:1      | Reached XP level 2. HP: 13/13 MP: 5/7
   678 | D:1      | Learned a level 2 spell: Ensorcelled Hibernation
   746 | D:1      | Learned a level 2 spell: Sure Blade
  1194 | D:1      | Reached skill level 5 in Stealth
  1528 | D:2      | Found a sparkling altar of Nemelex Xobeh.
  1531 | D:2      | Became a worshipper of Nemelex Xobeh the Trickster
  1546 | D:2      | Reached XP level 3. HP: 16/16 MP: 8/11
  1902 | D:2      | Received a gift from Nemelex Xobeh
  2190 | D:2      | Found a shimmering altar of Xom.
  2574 | D:3      | Noticed dvd's ghost (average SpEn)
  2585 | D:3      | Learned a level 3 spell: Confuse
  2613 | D:3      | Reached XP level 4. HP: 10/21 MP: 6/14
  3160 | D:3      | Killed dvd's ghost
  3160 | D:3      | Reached skill level 6 in Stealth
  3160 | D:3      | Reached skill level 1 in Charms
  3160 | D:3      | Reached skill level 1 in Ice Magic
  3160 | D:3      | Reached XP level 5. HP: 24/24 MP: 13/18
  3840 | D:4      | Received a gift from Nemelex Xobeh
  4023 | D:4      | Noticed a phantom
  4041 | D:4      | Killed a phantom
  4041 | D:4      | Reached XP level 6. HP: 28/28 MP: 14/20
  4079 | D:4      | Learned a level 4 spell: Enslavement
  4752 | D:4      | Found an ancient bone altar of Kikubaaqudgha.
  4798 | D:4      | Reached skill level 7 in Stealth
  4803 | D:4      | Reached skill level 1 in Evocations
  4832 | D:4      | Reached skill level 5 in Hexes
  5021 | D:5      | Entered Level 5 of the Dungeon
  5040 | D:5      | Reached skill level 5 in Spellcasting
  5053 | D:5      | Reached XP level 7. HP: 18/32 MP: 9/22
  5256 | D:5      | Found a shadowy altar of Dithmenos.
  5265 | D:5      | Found a shattered altar of Ashenzari.
  5273 | D:5      | Found a snail-covered altar of Cheibriados.
  5391 | D:5      | Reached skill level 5 in Dodging
  5617 | D:5      | Received a gift from Nemelex Xobeh
  5627 | D:5      | Found a deep blue altar of Sif Muna.
  5743 | D:5      | Found a staircase to the Ecumenical Temple.
  5747 | Temple   | Entered the Ecumenical Temple
  5850 | D:5      | Reached skill level 8 in Stealth
  5852 | D:5      | Got a steaming ivory amulet
  5854 | D:5      | Identified the amulet of Wyilulau {Inacc rN+} (You found it on level 5 of the Dungeon)
  5988 | D:5      | Found an iron altar of Okawaru.
  6052 | D:5      | Reached skill level 1 in Fighting
  6372 | D:6      | Received a gift from Nemelex Xobeh
  6387 | D:6      | Reached XP level 8. HP: 37/37 MP: 16/25
  6446 | D:6      | Reached skill level 9 in Stealth
  6457 | D:6      | Found a burning altar of Makhleb.
  6605 | D:6      | Found a blossoming altar of Fedhas.
  7234 | D:7      | Noticed Blork the orc
  7340 | D:7      | Killed Blork the orc
  7426 | D:7      | Found a glowing silver altar of Zin.
  7461 | D:7      | Received a gift from Nemelex Xobeh
  7467 | D:7      | Noticed Ijyb
  7675 | D:7      | Killed Ijyb
  7889 | D:7      | Acquired Nemelex Xobeh's first power
  8131 | D:7      | Reached skill level 10 in Stealth
  8433 | D:8      | Received a gift from Nemelex Xobeh
  8434 | D:8      | Noticed Eustachio
  8462 | D:8      | Killed Eustachio
  8462 | D:8      | Reached XP level 9. HP: 41/41 MP: 25/28
  8488 | D:8      | Noticed Erolcha
  8703 | D:8      | Noticed Dowan
  8705 | D:8      | Noticed Duvessa
  8726 | D:8      | Gained mutation: Your muscles are strong. (Str +2) [helix card]
  8765 | D:8      | Killed Duvessa
  8769 | D:8      | Killed Dowan
  8787 | D:8      | Found a bloodstained altar of Trog.
  8825 | D:8      | Found Ifaugaw's Armour Shoppe.
  9269 | D:8      | Bought a +0 cloak of magic resistance for 115 gold pieces
  9295 | D:8      | Found a sacrificial altar of Ru.
  9472 | D:8      | Killed Erolcha
  9472 | D:8      | Reached skill level 11 in Stealth
  9962 | D:9      | Received a gift from Nemelex Xobeh
  9962 | D:9      | Acquired Nemelex Xobeh's second power
 10052 | D:9      | Noticed a gargoyle
 10175 | D:9      | Reached XP level 10. HP: 46/46 MP: 24/30
 10348 | D:9      | Found a white marble altar of Elyvilon.
 10456 | D:9      | Found a staircase to the Orcish Mines.
 11049 | D:10     | Entered Level 10 of the Dungeon
 11082 | D:10     | Reached skill level 12 in Stealth
 11286 | D:10     | Received a gift from Nemelex Xobeh
 11626 | D:10     | Reached skill level 10 in Spellcasting
 11908 | D:10     | Reached skill level 13 in Stealth
 12330 | D:10     | Received a gift from Nemelex Xobeh
 12372 | D:10     | Acquired Nemelex Xobeh's third power
 12615 | D:11     | Reached XP level 11. HP: 50/50 MP: 28/32
 12746 | D:11     | Found a staircase to the Lair.
 12747 | D:11     | Noticed an elephant
 12751 | D:11     | Received a gift from Nemelex Xobeh
 12787 | D:11     | Killed an elephant
 12964 | D:11     | Reached skill level 10 in Hexes
 13527 | D:11     | Reached skill level 14 in Stealth
 13633 | D:11     | Noticed a hill giant
 13676 | D:11     | Killed a hill giant
 13954 | D:11     | Received a gift from Nemelex Xobeh
 14235 | Lair:1   | Entered Level 1 of the Lair of Beasts
 14363 | Lair:1   | Gained mutation: You can breathe flames. [potion of beneficial mutation]
 14418 | Lair:1   | Received a gift from Nemelex Xobeh
 14579 | Lair:1   | Noticed Erica
 14588 | Lair:1   | Killed Erica
 14636 | Lair:1   | Noticed an eight-headed hydra
 14647 | Lair:1   | Killed an eight-headed hydra
 14979 | Lair:2   | Received a gift from Nemelex Xobeh
 15032 | Lair:2   | Reached skill level 1 in Throwing
 15108 | Lair:2   | Reached skill level 15 in Stealth
 15342 | Lair:2   | Noticed a seven-headed hydra
 15378 | Lair:2   | Killed a seven-headed hydra
 15378 | Lair:2   | Reached XP level 12. HP: 54/54 MP: 20/34
 15458 | Lair:2   | Noticed Fannar
 15471 | Lair:2   | Noticed Fannar
 15471 | Lair:2   | Fannar changed into Fannar the snapping turtle
 15494 | Lair:2   | Killed Fannar the snapping turtle
 15633 | Lair:2   | Received a gift from Nemelex Xobeh
 16119 | Lair:3   | Received a gift from Nemelex Xobeh
 16224 | Lair:3   | Noticed schauveau's ghost (powerful GrEE)
 16421 | Lair:3   | Noticed an eight-headed hydra
 16428 | Lair:3   | Killed an eight-headed hydra
 16470 | Lair:3   | Received a gift from Nemelex Xobeh
 16528 | Lair:3   | Found a staircase to the Swamp.
 16856 | Lair:3   | Found a hole to the Spider Nest.
 17299 | Lair:4   | Received a gift from Nemelex Xobeh
 17471 | Lair:4   | Reached skill level 16 in Stealth
 17573 | Lair:4   | Received a gift from Nemelex Xobeh
 17857 | Lair:4   | Received a gift from Nemelex Xobeh
 17992 | Lair:4   | Reached skill level 5 in Evocations
 18267 | Lair:4   | Noticed Snorg
 18338 | Lair:4   | Killed Snorg
 18338 | Lair:4   | Reached skill level 5 in Short Blades
 18417 | Lair:4   | Received a gift from Nemelex Xobeh
 18508 | Lair:4   | Reached XP level 13. HP: 59/59 MP: 32/36
 18664 | Lair:4   | Reached skill level 17 in Stealth
 18874 | Lair:5   | Found a labyrinth entrance.
 18879 | Lab      | Entered a labyrinth
 19032 | Lab      | Learned a level 5 spell: Metabolic Englaciation
 19036 | Lab      | Learned a level 3 spell: Flight
 19043 | Lab      | Learned a level 6 spell: Mass Confusion
 19082 | Lair:5   | Reached skill level 5 in Ice Magic
 19193 | Lair:5   | Reached skill level 10 in Dodging
 19283 | Lair:5   | Received a gift from Nemelex Xobeh
 19370 | Lair:5   | Noticed a stone giant
 19371 | Lair:5   | HP: 1/59 [stone giant/large rock[the fury of Okawaru] (28)]
 19372 | Lair:5   | Hit by a large rock thrown by a stone giant

Action                   |  1- 3 |  4- 6 |  7- 9 | 10-12 | 13-15 || total
-------------------------+-------+-------+-------+-------+-------++-------
Melee: Dagger            |    79 |    86 |   231 |   150 |       ||   546
       Rapier            |       |       |    89 |   345 |    73 ||   507
 Fire: Hunting sling     |       |       |       |    57 |       ||    57
Throw: Tomahawk          |       |       |     2 |     3 |     1 ||     6
 Cast: Corona            |    10 |       |       |       |       ||    10
       Ensorcelled Hiber |    28 |    31 |    80 |   151 |    14 ||   304
       Sure Blade        |    10 |     9 |    32 |    23 |     4 ||    78
       Confuse           |       |     7 |    41 |    68 |    13 ||   129
       Enslavement       |       |       |     2 |    21 |       ||    23
       Flight            |       |       |       |       |     1 ||     1
Evoke: Deck              |     5 |    10 |    46 |    54 |    11 ||   126
       Wand              |       |       |       |     4 |       ||     4
       Fan of gales      |       |       |       |     1 |       ||     1
  Use: Scroll            |       |       |    14 |    10 |     4 ||    28
       Potion            |       |       |    10 |     7 |     1 ||    18
 Stab: Sleeping          |    26 |    28 |    54 |   134 |    20 ||   262
       Confused          |       |     8 |    25 |    53 |     8 ||    94
       Invisible         |       |       |       |     3 |       ||     3
       Distracted        |       |       |       |     4 |       ||     4
  Eat: Bread ration      |     1 |       |     1 |     1 |       ||     3
       Pizza             |       |       |     2 |     2 |       ||     4
       Fruit             |       |       |       |       |     1 ||     1
